 Dungeon Crawl Stone Soup version 0.30-a0-1075-gcd70e7a56d (webtiles) character file.

Game seed: 7947963568530431711

46 Pimp the Trooper (level 3, -1/49 HPs)
             Began as a Hill Orc Fighter on Apr 14, 2023.
             Killed from afar by Sigmund (9 damage)
             ... with a puff of flame
             ... on level 2 of the Dungeon.
             The game lasted 00:01:57 (1253 turns).

Pimp the Trooper (Hill Orc Fighter)                 Turns: 1253, Time: 00:01:57

Health: -1/49      AC: 21    Str: 20    XL:     3   Next: 66%
Magic:  3/3        EV:  2    Int:  8    God:
Gold:   20         SH:  4    Dex: 10    Spells: 2/2 levels left

rFire   . . .      SeeInvis .    a - +0 war axe
rCold   . . .      Faith    .    c - +0 buckler
rNeg    . . .      Spirit   .    k - melded +2 ring mail {rPois}
rPois   +          Reflect  .    (helmet currently unavailable)
rElec   .          Rampage  .    (cloak currently unavailable)
rCorr   .          NoTele   +    (gloves currently unavailable)
Will    .....                    o - melded +0 pair of boots
Stlth   +                        (no amulet)
HPRegen 0.28/turn                (no ring)
MPRegen 0.08/turn                (no ring)

@: brilliant, tree-form
A: stationary, stasis, torment immunity, boosted hp
a: no special abilities


You were on level 2 of the Dungeon.
You were a tree.
You visited 1 branch of the dungeon, and saw 2 of its levels.

You collected 20 gold pieces.

Inventory:

Hand Weapons
 a - a +0 war axe (weapon)
Armour
 b - a +0 scale mail
 c - a +0 buckler (worn)
 k - a +2 ring mail of poison resistance (melded)
 o - a +0 pair of boots (melded)
Scrolls
 e - 3 scrolls of identify {unknown}
 g - a scroll of blinking {unknown}
 j - a scroll of teleportation {unknown}
 l - a scroll of brand weapon {unknown}
 n - a scroll of silence {unknown}
Potions
 d - 2 potions of might
 f - a potion of magic
 m - a potion of berserk rage {unknown}
 p - a potion of lignification


   Skills:
 + Level 4.2 Fighting
 + Level 3.4 Axes
 + Level 3.7 Armour
 + Level 3.7 Shields


You had 2 spell levels left.
You didn't know any spells.
Your spell library was empty.

Dungeon Overview and Level Annotations

Branches:
Dungeon (2/15)

Altars:
Elyvilon

Annotations:
D:2 1 runed translucent door, Crazy Yiuf, Sigmund


Message History

You no longer feel resistant to poison.
Your roots penetrate the ground.
You hit Sigmund but do no damage.
Sigmund is lightly wounded.
You feel sick.
Sigmund hits you with a +2 scythe of venom.
You are more poisoned.
You completely miss Sigmund.
Sigmund is lightly wounded.
You feel very sick. Sigmund gestures at you while chanting.
The magic dart hits you but does no damage.
You hit Sigmund.
Sigmund is moderately wounded.
You feel very sick.
Sigmund gestures wildly while chanting.
Sigmund flickers and vanishes!
Deactivating autopickup; reactivate with Ctrl-A.
You cannot move.
You cannot move.
Unknown command.
You cannot move.
You cannot move.
You closely miss something.
You feel very sick.
You hear some strange, mumbled words.
A magic dart appears from out of thin air!
The magic dart hits you but does no damage.
Something hits you!
* * * LOW HITPOINT WARNING * * *
You feel better.
It was a potion of lignification.
You feel woody for a moment. Something hits you but does no damage.
You hit something. Something hits you!
* * * LOW HITPOINT WARNING * * *
You completely miss something. Something hits you but does no damage.
You hit something.
You hear some strange, mumbled words.
A puff of flame appears from out of thin air!
The puff of flame hits you!
You die...

#.........#####...#####.#
##.. #.........#
###.....#.# ##(..
#.........# #####...###
#..## ###########
##....###.###
##.#..##.<<# ##########
#.##.......
.........#####.##.......
........................
.......♣................
......{...####....#.....
.........## #..####...#
.........# #.## #####
.........# ### .........#
##########


There were no monsters in sight!

Vanquished Creatures
  An adder (D:2)
  4 bats (D:1)
  3 endoplasms
  4 giant cockroaches
  3 goblins (D:1)
  6 hobgoblins
  3 kobolds
  3 ball pythons (D:1)
  3 frilled lizards (D:1)
  3 rats
33 creatures vanquished.

Notes
Turn   | Place    | Note
-------+----------+-------------------------------------------
     0 | D:1      | Pimp the Hill Orc Fighter began the quest for the Orb.
     0 | D:1      | Reached XP level 1. HP: 19/19 MP: 1/1
   104 | D:1      | Reached XP level 2. HP: 26/27 MP: 2/2
   379 | D:1      | Reached skill level 4 in Fighting
   568 | D:1      | Reached XP level 3. HP: 33/33 MP: 3/3
  1038 | D:2      | Found a runed translucent door.
  1039 | D:2      | Noticed Crazy Yiuf
  1189 | D:2      | Found a white marble altar of Elyvilon.
  1236 | D:2      | Noticed Sigmund
  1253 | D:2      | Killed from afar by Sigmund

Illustrated notes

Levels and vault maps discovered:
D:1:      wander_arrival_chamber, layout_loops_ring
D:2:      layout_rooms, basic_altar, hangedman_decor_push,
          uniq_crazy_yiuf_cottage, uniq_sigmund

Skill      XL: |  1  2 |
---------------+-------+-----
Axes           | 3 |  3.4
Fighting       | 4 |  4.2
Armour         | |  3.7
Shields        | |  3.7

Action                     || total
---------------------------++-------
  Melee: War axe           ||    93
    Use: Potion            ||     5
 Armour: Scale mail        ||    50
         Ring mail         ||    14
         Skin              ||     4
  Dodge: Dodged            ||    55
  Block: Buckler           ||    29

Table legend: (Time is in decaauts)
 A = Elapsed time spent in this place.
 B = Non-inter-level travel time spent in this place.
 C = Inter-level travel time spent in this place.
 D = Time resting spent in this place.
 E = Time spent auto-exploring this place.
 F = Levels seen in this place.
 G = Mean time per level.
                   A        B        C        D        E       F      G
               +--------+--------+--------+--------+--------+-----+--------+
         Total |   1287 |   1241 |     46 |      0 |    894 |   2 |  643.5 |
       Dungeon |   1287 |   1241 |     46 |      0 |    894 |   2 |  643.5 |
               +--------+--------+--------+--------+--------+-----+--------+

Top non-repeatable levels by time:
     D:1: 820 daAuts
     D:2: 466 daAuts
